cohdb
Replays
Latest Replays
All Replays
Popular Replays
Top Player Replays
Match Explorer
How It Works
Community
CoH3 Stats
Reddit
Sign in to upload your games and track your stats! →
Sign in with Steam
Match 43263807
Unlisted
Match 43263807
Overview
Messages
Build Orders
End
Construct Section Command Post
Vickers Machine Gun Team
Selects Canadian Shock Battlegroup
Infantry Section
Infantry Section
Construct Field Infirmary
Selects Attacking Spirit
Selects Canadian Shock Section
Canadian Shock Section
Construct Platoon Command Post
Grenade Package
Unlock M3 Stuart Light Tanks
M3 Stuart Light Tank
Selects Smoke Operation
Selects Incendiary Munitions
ML 3-inch Mortar Team
Smoke Operation
6-pounder Anti-tank Gun Team
Egor
Pokus
entalp99
Porygon
0
0
Comments
sign in to comment!
No comments posted yet!